 Dungeon Crawl Stone Soup version 0.20-a0-823-gdec668e (webtiles) character file.

185 nikopol the Poker (level 5, -3/70 HPs)
             Began as a Minotaur Berserker on Mar 5, 2017.
             Was a Priest of Trog.
             Slain by an orc priest
             ... wielding a +0 trident
              (6 damage)
             ... on level 3 of the Dungeon.
             The game lasted 00:04:15 (1887 turns).

nikopol the Poker (Minotaur Berserker)              Turns: 1887, Time: 00:04:16

Health: -3/70      AC:  8    Str: 27    XL:     5   Next: 37%
Magic:  4/4        EV: 11    Int:  4    God:    Trog [***...]
Gold:   107        SH:  0    Dex: 10    Spells: 4/4 levels left

rFire    . . .     SeeInvis .   a - +0 spear
rCold    . . .     Gourm    .   m - +1 scale mail {MR+}
rNeg     . . .     Faith    .   (no shield)
rPois    .         Spirit   .   (helmet restricted)
rElec    .         Reflect  .   (no cloak)
rCorr    .         Harm     .   (no gloves)
MR       ++...                  (no boots)
Stlth    ..........             (no amulet)
Regen    0.3/turn               (no ring)
MPRegen  0.1/turn               h - ring of protection from magic

@: berserking, very quick
A: retaliatory headbutt, horns 2
a: Berserk, Trog's Hand, Burn Spellbooks, Renounce Religion


You were on level 3 of the Dungeon.
You worshipped Trog.
Trog was most pleased with you.
You were very hungry.

You visited 1 branch of the dungeon, and saw 3 of its levels.

You collected 107 gold pieces.

Inventory:

Hand Weapons
 a - a +0 spear (weapon)
Missiles
 j - 29 arrows (quivered)
Armour
 b - a +0 animal skin
 m - a +1 scale mail of magic resistance (worn)
Jewellery
 h - a ring of protection from magic (left hand)
 r - an uncursed ring of flight {unknown}
Scrolls
 d - 3 scrolls of teleportation {unknown}
 e - a scroll of fog {unknown}
 g - a scroll of recharging {unknown}
 n - a scroll of magic mapping {unknown}
 o - 3 scrolls of remove curse {unknown}
Potions
 f - a potion of mutation {unknown}
 i - 3 potions of degeneration {unknown}
 k - 3 potions of curing {unknown}
 l - 2 potions of flight {unknown}
Books
 t - a book of Cantrips

   Spells                             Type                      Level
   a - Confusing Touch                Hexes                        1
   b - Animate Skeleton               Necromancy                   1
   c - Summon Small Mammal            Summoning                    1
   d - Apportation                    Translocation                1
   Trog disapproves of the use of such an item.
Comestibles
 c - 2 bread rations
 p - a royal jelly
 q - a fruit
 s - a meat ration
 u - a chunk of flesh


   Skills:
 + Level 4.7 Fighting
 + Level 5.0 Polearms
 + Level 4.2 Armour
 + Level 3.2 Dodging


You had 4 spell levels left.
You didn't know any spells.

Dungeon Overview and Level Annotations

Branches:
Dungeon (3/15)

Altars:


Innate Abilities, Weirdness & Mutations

You reflexively headbutt those who attack you in melee.
You have a pair of horns on your head.


Message History

The kobold is severely wounded.
The orc priest hits you from afar with a trident.
* * * LOW HITPOINT WARNING * * *
The hobgoblin barely misses you.
A red film seems to cover your vision as you go berserk!
You feel yourself moving faster!
You feel mighty!
You are feeling very hungry.
The kobold closely misses you. You furiously retaliate!
You headbutt the kobold!
You kill the kobold!
Trog accepts your kill.
The orc priest mumbles some strange prayers to Beogh against you.
Beogh smites you!
* * * LOW HITPOINT WARNING * * *
The hobgoblin hits you but does no damage.
You puncture the hobgoblin!
You kill the hobgoblin!
Trog accepts your kill.
The orc priest hits you from afar with a trident.
You die...

######## #.......
#....... #...)...
################.......
#....>@................
#.##.)########.########
....o #......### ####.#
###........ ..
#.......... ...
#.......... ...
#.......... ....
###..###... ##.# #...


You could see an orc priest.

Vanquished Creatures
  An orc priest (D:3)
  3 gnolls (D:2)
  An adder (D:3)
  An ooze (D:1)
  3 dart slugs
  15 orcs (D:3)
  2 ball pythons
  9 bats
  2 giant cockroaches (D:3)
  10 goblins
  6 hobgoblins
  16 jackals
  4 kobolds
  7 frilled lizards
  6 rats
86 creatures vanquished.

Notes
Turn   | Place    | Note
-------+----------+-------------------------------------------
     0 | D:1      | nikopol the Minotaur Berserker began the quest for the Orb.
     0 | D:1      | Reached XP level 1. HP: 19/19 MP: 0/0
    86 | D:1      | Reached XP level 2. HP: 27/27 MP: 1/1
   101 | D:1      | Reached skill level 4 in Polearms
   281 | D:1      | Reached ** piety under Trog
   324 | D:1      | Reached XP level 3. HP: 32/33 MP: 2/2
   845 | D:2      | Reached XP level 4. HP: 38/40 MP: 3/3
  1471 | D:3      | Reached *** piety under Trog
  1471 | D:3      | Reached XP level 5. HP: 26/47 MP: 4/4
  1715 | D:3      | Reached skill level 5 in Polearms
  1886 | D:3      | HP: 3/70 [orc priest/divine providence (12)]
  1887 | D:3      | Slain by an orc priest

Vault maps used:
D:1:      minmay_arrival_up_and_down, serial_forest,
          infiniplex_forest_lined_room_, infiniplex_forest_lined_room_3,
          infiniplex_forest_lined_2, infiniplex_forest_clump_medium,
          infiniplex_forest_lined_room_, infiniplex_forest_clump_medium,
          infiniplex_forest_3_way, infiniplex_forest_lined_room_2,
          minmay_lizard_pond

Skill      XL: |  1  2  3  4  5 |
---------------+----------------+-----
Polearms       | 4 5 |  5.0
Fighting       | 4 |  4.7
Armour         | 3 4 |  4.2
Dodging        | 3 |  3.2

Action                   |  1- 3 |  4- 6 || total
-------------------------+-------+-------++-------
Melee: Spear             |    95 |   148 ||   243
       Headbutt          |    10 |    13 ||    23
Invok: Berserk           |       |     1 ||     1
  Eat: Chunk             |       |     3 ||     3
Armor: Animal skin       |     7 |       ||     7
       Scale mail        |     9 |    48 ||    57
Dodge: Dodged            |    31 |    64 ||    95
